| TOP OF THE 1ST |
|
St. Petersburg Saints batting - Pitching for Tampa Pirates : RHP Derek Botelho
|
|
Pitching: RHP Derek Botelho
|
|
|
Batting: RHB Jeff Pyburn
|
0-0: Ball 1-0: Ball 2-0: Ball 3-0: Called Strike 3-1: Foul Ball, location: 2F 3-2: Base on Balls
|
|
Batting: LHB Al Leboeuf
|
0-0: Ball 1-0: Called Strike 1-1: Ball 2-1: Foul Ball, location: 2F 2-2: Ball 3-2: Base on Balls Jeff Pyburn to second
|
|
Batting: LHB Terry Blocker
|
0-0: Called Strike 0-1: Grounds into double play, 4-6-3 (Groundball, 34, EV 100.6 MPH) Jeff Pyburn to third
|
|
Batting: RHB Rock Coyle
|
0-0: Ball 1-0: Called Strike 1-1: Fly out, F8 (Line Drive, 8RD, EV 93.1 MPH)
|
| Top of the 1st over - 0 runs, 0 hits, 0 errors, 1 left on base; St. Petersburg 0 - Tampa 0 |
| BOTTOM OF THE 1ST |
|
Tampa Pirates batting - Pitching for St. Petersburg Saints : RHP Rich Zelaya
|
|
Pitching: RHP Rich Zelaya
|
|
|
Batting: SHB Craig Smajstrla
|
0-0: Bunt for hit to 5S - play at first, batter safe!
|
|
Batting: LHB David Frederick
|
0-0: Ball 1-0: Called Strike 1-1: Ball 2-1: Ball 3-1: Base on Balls Craig Smajstrla to second
|
|
Batting: LHB Pedro Nunez
|
0-0: Called Strike 0-1: Foul Ball, location: 2F 0-2: Foul Ball, location: 2F 0-2: Ball 1-2: Fielders Choice at 2nd, 4-6 (Groundball, 4M, EV 102.5 MPH) Craig Smajstrla to third
|
|
Batting: RHB Gregory Norman
|
0-0: Called Strike 0-1: Ball 1-1: Ball 2-1: Ball 3-1: Base on Balls Pedro Nunez to second
|
|
Batting: LHB Alfredo Rodriguez
|
0-0: Swinging Strike 0-1: Grounds into double play, 4-6-3 (Groundball, 4, EV 105.0 MPH)
|
| Bottom of the 1st over - 0 runs, 1 hit, 0 errors, 2 left on base; St. Petersburg 0 - Tampa 0 |
| TOP OF THE 2ND |
|
St. Petersburg Saints batting - Pitching for Tampa Pirates : RHP Derek Botelho
|
|
Batting: RHB Ric Despaux
|
0-0: Called Strike 0-1: Called Strike 0-2: Strikes out swinging
|
|
Batting: RHB Jerry Johnson
|
0-0: Called Strike 0-1: Foul Ball, location: 2F 0-2: Strikes out looking
|
|
Batting: RHB Randy Ingle
|
0-0: Foul Ball, location: 2F 0-1: Ball 1-1: Ball 2-1: SINGLE (Groundball, 6D, EV 97.5 MPH)
|
|
Batting: RHB Roberto Alvarez
|
0-0: Called Strike 0-1: Fly out, F8 (Flyball, 8LD, EV 100.6 MPH)
|
| Top of the 2nd over - 0 runs, 1 hit, 0 errors, 1 left on base; St. Petersburg 0 - Tampa 0 |
| BOTTOM OF THE 2ND |
|
Tampa Pirates batting - Pitching for St. Petersburg Saints : RHP Rich Zelaya
|
|
Batting: RHB Jason Porter
|
0-0: Ball 1-0: Ball 2-0: Ball 3-0: Base on Balls
|
|
Batting: RHB Erwin Bryant
|
0-0: Foul Ball, location: 2F 0-1: Ball 1-1: Swinging Strike Jason Porter steals 2nd base 1-2: SINGLE (Line Drive, 7LM, EV 89.4 MPH) Jason Porter to third
|
|
Batting: RHB Steven Young
|
0-0: Ball 1-0: Ball 2-0: SINGLE (Groundball, 56D, EV 98.1 MPH) Jason Porter scores Erwin Bryant to second
|
|
Batting: RHB Roy Dixon
|
0-0: Fly out, F8 (Flyball, 8RM, EV 80.0 MPH)
|
|
Batting: SHB Craig Smajstrla
|
0-0: Ball 1-0: Swinging Strike 1-1: Ball 2-1: Foul Ball, location: 2F 2-2: Ball 3-2: Base on Balls Erwin Bryant to third Steven Young to second
|
|
Batting: LHB David Frederick
|
0-0: Ball 1-0: Fly out, F8 (Flyball, 78M, EV 81.9 MPH)
|
|
Batting: LHB Pedro Nunez
|
0-0: Swinging Strike 0-1: Swinging Strike 0-2: Foul Ball, location: 2F 0-2: SINGLE (Groundball, 3D, EV 98.1 MPH) Erwin Bryant scores Steven Young to third Craig Smajstrla to second Runner from 3rd tries for Home, SAFE, throw by RF to home
|
|
Batting: RHB Gregory Norman
|
0-0: Ball 1-0: Called Strike 1-1: Foul Ball, location: 2F 1-2: Foul Ball, location: 2F 1-2: Ball 2-2: Foul Ball, location: 2F 2-2: Ball 3-2: Ground out 5-3 (Groundball, 56, EV 86.9 MPH)
|
| Bottom of the 2nd over - 3 runs, 3 hits, 0 errors, 2 left on base; St. Petersburg 0 - Tampa 3 |
| TOP OF THE 3RD |
|
St. Petersburg Saints batting - Pitching for Tampa Pirates : RHP Derek Botelho
|
|
Batting: RHB Dave Clements
|
0-0: Ball 1-0: Called Strike 1-1: DOUBLE (Flyball, 8LXD, EV 95.0 MPH)
|
|
Batting: RHB Jeff Pyburn
|
0-0: Ball 1-0: Swinging Strike 1-1: Called Strike 1-2: Ball 2-2: Strikes out looking
|
|
Batting: LHB Al Leboeuf
|
0-0: Ball 1-0: Called Strike 1-1: Swinging Strike 1-2: Ball 2-2: Ball 3-2: Reached on error, E3 (Groundball, 34D, EV 87.5 MPH) Dave Clements to third
|
|
Batting: LHB Terry Blocker
|
0-0: SINGLE (Groundball, 25, EV 65.6 MPH) (infield hit) Al Leboeuf to second
|
|
Batting: RHB Rock Coyle
|
0-0: Fly out, F7 (Flyball, 78D, EV 81.3 MPH) Runner from 3rd tags up, SCORES, throw by LF Al Leboeuf to third
|
|
Batting: RHB Ric Despaux
|
0-0: Ball 1-0: Foul Ball, location: 2F 1-1: Ball 2-1: Foul Ball, location: 2F 2-2: Fly out, F9 (Flyball, 89M, EV 90.6 MPH)
|
| Top of the 3rd over - 1 run, 2 hits, 1 error, 2 left on base; St. Petersburg 1 - Tampa 3 |
| BOTTOM OF THE 3RD |
|
Tampa Pirates batting - Pitching for St. Petersburg Saints : RHP Rich Zelaya
|
|
Batting: LHB Alfredo Rodriguez
|
0-0: Called Strike 0-1: Ball 1-1: SINGLE (Flyball, 89S, EV 90.0 MPH)
|
|
Batting: RHB Jason Porter
|
0-0: Fielders Choice at 2nd, 1-6 (Groundball, 34S, EV 71.9 MPH)
|
|
Batting: RHB Erwin Bryant
|
0-0: Foul Ball, location: 2F 0-1: Swinging Strike 0-2: Ball 1-2: SINGLE (Line Drive, 78M, EV 88.8 MPH) Jason Porter to second
|
|
Batting: RHB Steven Young
|
0-0: Ball 1-0: Fielders Choice at 2nd, 4-6 (Groundball, 4, EV 107.5 MPH) Jason Porter to third
|
|
Batting: RHB Roy Dixon
|
0-0: SINGLE (Flyball, 34D, EV 89.4 MPH) Jason Porter scores Steven Young to second Runner from 2nd tries for 3rd, SAFE, no throw by RF
|
|
Batting: SHB Craig Smajstrla
|
0-0: Ball 1-0: Ball 2-0: Ball 3-0: Base on Balls Roy Dixon to second
|
|
Batting: LHB David Frederick
|
0-0: Called Strike 0-1: Foul Ball, location: 2F 0-2: Fly out, F9 (Flyball, 89S, EV 80.0 MPH)
|
| Bottom of the 3rd over - 1 run, 3 hits, 0 errors, 3 left on base; St. Petersburg 1 - Tampa 4 |
| TOP OF THE 4TH |
|
St. Petersburg Saints batting - Pitching for Tampa Pirates : RHP Derek Botelho
|
|
Batting: RHB Jerry Johnson
|
0-0: Foul Ball, location: 2F 0-1: Ball 1-1: Swinging Strike 1-2: Ball 2-2: Ball 3-2: Strikes out swinging
|
|
Batting: RHB Randy Ingle
|
0-0: Ball 1-0: Ground out 4-3 (Groundball, 4, EV 87.5 MPH)
|
|
Batting: RHB Roberto Alvarez
|
0-0: Ball 1-0: Ball 2-0: Called Strike 2-1: Foul Ball, location: 2F 2-2: Ground out 4-3 (Groundball, 4M, EV 89.4 MPH)
|
| Top of the 4th over - 0 runs, 0 hits, 0 errors, 0 left on base; St. Petersburg 1 - Tampa 4 |
| BOTTOM OF THE 4TH |
|
Tampa Pirates batting - Pitching for St. Petersburg Saints : RHP Rich Zelaya
|
|
Batting: LHB Pedro Nunez
|
0-0: Ball 1-0: Fly out, F7 (Flyball, 7D, EV 106.9 MPH)
|
|
Batting: RHB Gregory Norman
|
0-0: SINGLE (Line Drive, 8RS, EV 90.6 MPH)
|
|
Batting: LHB Alfredo Rodriguez
|
0-0: Ball 1-0: Fly out, F7 (Flyball, 7S, EV 88.8 MPH)
|
|
Batting: RHB Jason Porter
|
0-0: Fly out, F8 (Flyball, 8RXD, EV 96.3 MPH)
|
| Bottom of the 4th over - 0 runs, 1 hit, 0 errors, 1 left on base; St. Petersburg 1 - Tampa 4 |
| TOP OF THE 5TH |
|
St. Petersburg Saints batting - Pitching for Tampa Pirates : RHP Derek Botelho
|
|
Batting: RHB Dave Clements
|
0-0: Called Strike 0-1: Ball 1-1: Fly out, F6 (Popup, 6M, EV 63.1 MPH)
|
|
Batting: RHB Jeff Pyburn
|
0-0: Ball 1-0: Foul Ball, location: 2F 1-1: Called Strike 1-2: Ground out 1-3 (Groundball, 13S, EV 66.9 MPH)
|
|
Batting: LHB Al Leboeuf
|
0-0: Called Strike 0-1: Called Strike 0-2: Fly out, F7 (Flyball, 78XD, EV 102.5 MPH)
|
| Top of the 5th over - 0 runs, 0 hits, 0 errors, 0 left on base; St. Petersburg 1 - Tampa 4 |
| BOTTOM OF THE 5TH |
|
Tampa Pirates batting - Pitching for St. Petersburg Saints : RHP Rich Zelaya
|
|
Batting: RHB Erwin Bryant
|
0-0: Ball 1-0: Ground out 5-3 (Groundball, 5, EV 83.1 MPH)
|
|
Batting: RHB Steven Young
|
0-0: Foul Ball, location: 2F 0-1: Foul Ball, location: 2F 0-2: Strikes out swinging, 2-3 out at first.
|
|
Batting: RHB Roy Dixon
|
0-0: Ball 1-0: Ball 2-0: Ball 3-0: Base on Balls
|
|
Batting: SHB Craig Smajstrla
|
0-0: Ball 1-0: Ball 2-0: Swinging Strike 2-1: Swinging Strike 2-2: Foul Ball, location: 2F 2-2: Foul Ball, location: 2F 2-2: Ground out U3 (Groundball, 3, EV 82.5 MPH)
|
| Bottom of the 5th over - 0 runs, 0 hits, 0 errors, 1 left on base; St. Petersburg 1 - Tampa 4 |
| TOP OF THE 6TH |
|
St. Petersburg Saints batting - Pitching for Tampa Pirates : RHP Derek Botelho
|
|
Batting: LHB Terry Blocker
|
0-0: Ball 1-0: Swinging Strike 1-1: Ball 2-1: Fly out, F7 (Flyball, 78M, EV 93.1 MPH)
|
|
Batting: RHB Rock Coyle
|
0-0: Swinging Strike 0-1: Ground out 5-3 (Groundball, 56, EV 83.1 MPH)
|
|
Batting: RHB Ric Despaux
|
0-0: Ball 1-0: Called Strike 1-1: Called Strike 1-2: Reached on error, E5 (Groundball, 56, EV 87.5 MPH)
|
|
Batting: RHB Jerry Johnson
|
0-0: Called Strike 0-1: Ball 1-1: Ball 2-1: Fly out, F8 (Flyball, 8LM, EV 83.1 MPH)
|
| Top of the 6th over - 0 runs, 0 hits, 1 error, 1 left on base; St. Petersburg 1 - Tampa 4 |
| BOTTOM OF THE 6TH |
|
Tampa Pirates batting - Pitching for St. Petersburg Saints : RHP Rich Zelaya
|
|
Batting: LHB David Frederick
|
0-0: Called Strike 0-1: Ball 1-1: Swinging Strike 1-2: Foul Ball, location: 2F 1-2: SINGLE (Groundball, 4D, EV 101.3 MPH)
|
|
Batting: LHB Pedro Nunez
|
0-0: Ball 1-0: Ball 2-0: Called Strike 2-1: Foul Ball, location: 2F 2-2: Foul Ball, location: 2F 2-2: Ball 3-2: Foul Ball, location: 2F 3-2: Foul Ball, location: 2F 3-2: Base on Balls David Frederick to second
|
|
Batting: RHB Gregory Norman
|
0-0: Called Strike 0-1: Ball 1-1: Fly out, F9 (Flyball, 89S, EV 89.4 MPH)
|
|
Batting: LHB Alfredo Rodriguez
|
0-0: Ball 1-0: Ball 2-0: Called Strike 2-1: SINGLE (Groundball, 6D, EV 103.1 MPH) David Frederick to third Pedro Nunez to second Runner from 3rd tries for Home, SAFE, throw by CF to home
|
|
Pitching: LHP James Haight
|
|
|
Batting: RHB Jason Porter
|
0-0: Swinging Strike 0-1: Ball 1-1: Ball 2-1: Foul Ball, location: 2F 2-2: Strikes out swinging
|
|
Batting: RHB Erwin Bryant
|
0-0: Ball 1-0: Ball 2-0: Ground out 4-3 (Groundball, 4, EV 81.3 MPH)
|
| Bottom of the 6th over - 1 run, 2 hits, 0 errors, 2 left on base; St. Petersburg 1 - Tampa 5 |
| TOP OF THE 7TH |
|
St. Petersburg Saints batting - Pitching for Tampa Pirates : RHP Derek Botelho
|
|
Batting: RHB Randy Ingle
|
0-0: Foul Ball, location: 2F 0-1: Ball 1-1: Ground out 5-3 (Groundball, 5L, EV 83.1 MPH)
|
|
Batting: RHB Roberto Alvarez
|
0-0: Called Strike 0-1: Called Strike 0-2: Ball 1-2: Ball 2-2: Ground out 5-3 (Groundball, 56S, EV 61.3 MPH)
|
|
Batting: RHB Dave Clements
|
0-0: Called Strike 0-1: Swinging Strike 0-2: Strikes out swinging
|
| Top of the 7th over - 0 runs, 0 hits, 0 errors, 0 left on base; St. Petersburg 1 - Tampa 5 |
| BOTTOM OF THE 7TH |
|
Tampa Pirates batting - Pitching for St. Petersburg Saints : LHP James Haight
|
|
Batting: RHB Steven Young
|
0-0: Fly out, F8 (Flyball, 78M, EV 73.1 MPH)
|
|
Batting: RHB Roy Dixon
|
0-0: Ball 1-0: Ball 2-0: Ball 3-0: Base on Balls
|
|
Batting: SHB Craig Smajstrla
|
0-0: Ball 1-0: Ball 2-0: Fly out, F5 (Popup, 5SF, EV 76.3 MPH)
|
|
Batting: LHB David Frederick
|
0-0: Ball Roy Dixon is caught stealing 2nd base 2-6
|
| Bottom of the 7th over - 0 runs, 0 hits, 0 errors, 0 left on base; St. Petersburg 1 - Tampa 5 |
| TOP OF THE 8TH |
|
St. Petersburg Saints batting - Pitching for Tampa Pirates : RHP Derek Botelho
|
|
Batting: RHB Jeff Pyburn
|
0-0: Swinging Strike 0-1: Ball 1-1: Ground out 5-3 (Groundball, 5, EV 91.3 MPH)
|
|
Batting: LHB Al Leboeuf
|
0-0: Ball 1-0: Ball 2-0: Ball 3-0: Called Strike 3-1: Ground out 4-3 (Groundball, 4, EV 106.9 MPH)
|
|
Batting: LHB Terry Blocker
|
0-0: Called Strike 0-1: Ball 1-1: Called Strike 1-2: SINGLE (Line Drive, 34D, EV 102.5 MPH)
|
|
Batting: RHB Rock Coyle
|
0-0: Swinging Strike 0-1: Ball 1-1: Ball 2-1: Fly out, F9 (Flyball, 9LM, EV 81.3 MPH)
|
| Top of the 8th over - 0 runs, 1 hit, 0 errors, 1 left on base; St. Petersburg 1 - Tampa 5 |
| BOTTOM OF THE 8TH |
|
Tampa Pirates batting - Pitching for St. Petersburg Saints : LHP James Haight
|
|
Batting: LHB David Frederick
|
0-0: Swinging Strike 0-1: Foul Ball, location: 2F 0-2: Ball 1-2: Foul Ball, location: 2F 1-2: Foul Ball, location: 2F 1-2: Ball 2-2: SINGLE (Groundball, 34D, EV 95.0 MPH)
|
|
Pitching: RHP Richard Robinson
|
|
|
Batting: LHB Pedro Nunez
|
0-0: Called Strike David Frederick steals 2nd base 0-1: Swinging Strike 0-2: Fly out, F8 (Flyball, 89D, EV 92.5 MPH) Runner from 2nd tags up, SAFE at 3rd, no throw by CF
|
|
Batting: RHB Gregory Norman
|
0-0: Intentional Walk
|
|
Batting: LHB Alfredo Rodriguez
|
0-0: Ball 1-0: Ball 2-0: Swinging Strike 2-1: Foul Ball, location: 2F 2-2: Ground out U3 (Groundball, 23, EV 85.6 MPH) Gregory Norman to second
|
|
Batting: RHB Jason Porter
|
0-0: Intentional Walk
|
|
Batting: RHB Erwin Bryant
|
0-0: Ball 1-0: Called Strike 1-1: Ball 2-1: Foul Ball, location: 2F 2-2: Fielders Choice at 2nd, 6-4 (Groundball, 6, EV 105.0 MPH)
|
| Bottom of the 8th over - 0 runs, 1 hit, 0 errors, 3 left on base; St. Petersburg 1 - Tampa 5 |
| TOP OF THE 9TH |
|
St. Petersburg Saints batting - Pitching for Tampa Pirates : RHP Derek Botelho
|
|
Batting: RHB Ric Despaux
|
0-0: Called Strike 0-1: Foul Ball, location: 2F 0-2: Fly out, F9 (Flyball, 9LM, EV 81.9 MPH)
|
|
Batting: RHB Jerry Johnson
|
0-0: Foul Ball, location: 2F 0-1: Swinging Strike 0-2: Ball 1-2: Ball 2-2: Foul Ball, location: 2F 2-2: Ball 3-2: Strikes out looking
|
|
Batting: RHB Randy Ingle
|
0-0: Called Strike 0-1: SINGLE (Groundball, 56D, EV 98.1 MPH)
|
|
Pitching: RHP Brian McCaslin
|
|
|
Batting: RHB Roberto Alvarez
|
0-0: Called Strike 0-1: Ball 1-1: SINGLE (Groundball, 56D, EV 103.1 MPH) Randy Ingle to second
|
|
Batting: RHB Dave Clements
|
0-0: Ball 1-0: Called Strike 1-1: Foul Ball, location: 2F 1-2: Ball 2-2: DOUBLE (Line Drive, 7LM, EV 103.8 MPH) Randy Ingle scores Roberto Alvarez to third
|
|
Pitching: LHP Christopher Lombardo
|
|
|
Batting: RHB Jeff Pyburn
|
0-0: Ball 1-0: Ball 2-0: Foul Ball, location: 2F 2-1: SINGLE (Groundball, 6S, EV 70.6 MPH) (infield hit) Roberto Alvarez scores Dave Clements to third
|
|
Batting: LHB Al Leboeuf
|
0-0: Ball 1-0: Ball 2-0: Ground out 4-3 (Groundball, 4, EV 84.4 MPH)
|
| Top of the 9th over - 2 runs, 4 hits, 0 errors, 2 left on base; St. Petersburg 3 - Tampa 5 |
|